 Dungeon Crawl Stone Soup version 0.20.1-1-g8b1a95d (webtiles) character file.

253 Kurtz the Ruffian (level 5, -8/41 HPs)
             Began as a Mummy Monk on June 15, 2018.
             Killed from afar by Sigmund (9 damage)
             ... with a puff of flame
             ... on level 3 of the Dungeon.
             The game lasted 00:05:23 (9813 turns).

Kurtz the Ruffian (Mummy Monk)                      Turns: 9813, Time: 00:05:23

Health: -8/41      AC:  0    Str: 15    XL:     5   Next: 90%
Magic:  5/5        EV: 13    Int: 10    God:
Gold:   108        SH:  0    Dex: 14    Spells: 4/4 levels left

rFire    x . .     SeeInvis .     - Unarmed
rCold    + . .     Gourm    .   (no shield)
rNeg     + + +     Faith    .   (no armour)
rPois    ∞         Spirit   .   (no helmet)
rElec    .         Reflect  .   (no cloak)
rCorr    .         Harm     .   (no gloves)
MR       .....                  (no boots)
Stlth    ++........             (no amulet)
Regen    0.2/turn               (no ring)
MPRegen  0.1/turn               (no ring)

@: no status effects
A: no food or potions, fire vulnerability, cold resistance 1, negative energy
resistance 3, torment resistance, unbreathing
a: no special abilities


You were on level 3 of the Dungeon.
You were not hungry.

You visited 1 branch of the dungeon, and saw 4 of its levels.

You collected 108 gold pieces.

Inventory:

Jewellery
 i - an uncursed amulet of regeneration {unknown}
Scrolls
 a - a scroll of random uselessness {unknown}
 b - a scroll of remove curse
 c - 3 scrolls of blinking {unknown}
 d - 2 scrolls of identify {unknown}
 e - a scroll of fear {unknown}
 f - a scroll of enchant armour {unknown}
 h - a scroll of recharging {unknown}
 j - a scroll of teleportation {unknown}
Comestibles
 g - 4 fruits


   Skills:
 - Level 3.0 Fighting
 - Level 2.4 Dodging
 - Level 2.0 Stealth
 * Level 5.4 Unarmed Combat


You had 4 spell levels left.
You didn't know any spells.

Dungeon Overview and Level Annotations

Branches:
Dungeon (4/15)
 Temple: D:4-7

Altars:

Annotations:
D:2 exclusion: downstairs
D:3 Grinder, Sigmund


Innate Abilities, Weirdness & Mutations

You do not eat or drink.
Your flesh is vulnerable to fire.
You are immune to poison.
Your flesh is cold resistant. (rC+)
You are immune to negative energy. (rN+++)
You are immune to unholy pain and torment.
You can survive without breathing.


Message History

You closely miss the orc.
The orc is severely wounded.
The orc hits you with a club.
You hit the orc.
You kill the orc!
Things that are here:
a club; a jackal corpse x2
You start resting.
Sigmund the Dreaded comes into view.
He is wielding a scythe.
Sigmund shouts!
Sigmund gestures at you while chanting. The magic dart hits you!
* * * LOW HITPOINT WARNING * * *
Sigmund casts a spell at you. The magic dart hits you!
* * * LOW HITPOINT WARNING * * *
A frilled lizard comes into view.
Sigmund casts a spell at you. The puff of flame hits you!
The fire burns you terribly!
You die...

#.# #<# ##### ...... #.#
#.... ..... #.# ######....
...5$ #l# ##.(.......
.....#####.#####..####.>..
.. .......)#....## #.... #.
#.......###########.
#..###.######@............#
#.
.......@.)......<.........#
#.
##..###..####..#....).....#
#. ##.......#..........# #.
#####.#............# #.
#....#..........###.
#.#.##...#####......
.....####.# ##..... ..#...
#..# #.!...


You could see Grinder (wandering), Sigmund and a frilled lizard (wandering).

Vanquished Creatures
  A scorpion (D:4)
  An orc priest (D:2)
  An orc wizard (D:1)
  2 adders (D:2)
  An ooze (D:2)
  A worm (D:2)
  5 dart slugs
  3 leopard geckos
  An orc (D:3)
  A ball python (D:1)
  10 bats
  7 giant cockroaches
  16 goblins
  9 hobgoblins
  15 jackals
  2 quokkas
  4 frilled lizards (D:1)
  12 kobolds
  7 rats
99 creatures vanquished.

Notes
Turn   | Place    | Note
-------+----------+-------------------------------------------
     0 | D:1      | Kurtz the Mummy Monk began the quest for the Orb.
     0 | D:1      | Reached XP level 1. HP: 18/18 MP: 1/1
    94 | D:1      | Reached XP level 2. HP: 18/24 MP: 2/2
   132 | D:1      | Reached skill level 3 in Unarmed Combat
  1179 | D:2      | HP: 1/24 [leopard gecko (3)]
  1180 | D:2      | Reached XP level 3. HP: 1/29 MP: 3/3
  4532 | D:1      | Reached skill level 4 in Unarmed Combat
  5875 | D:1      | Reached XP level 4. HP: 27/35 MP: 4/4
  6327 | D:1      | Noticed an orc warrior
  8391 | D:2      | Reached XP level 5. HP: 40/41 MP: 5/5
  8957 | D:2      | Reached skill level 5 in Unarmed Combat
  9279 | D:3      | Noticed Grinder
  9810 | D:3      | Noticed Sigmund
  9811 | D:3      | HP: 1/41 [Sigmund/magic dart (9)]
  9813 | D:3      | Killed from afar by Sigmund

Skill      XL: |  1  2  3  4  5 |
---------------+----------------+-----
Unarmed Combat | 3 4 5 |  5.4
Stealth        | 2 |  2.0
Fighting       | |  3.0
Dodging        | |  2.4

Action                   |  1- 3 |  4- 6 || total
-------------------------+-------+-------++-------
Melee: Unarmed           |   221 |   187 ||   408
       Punch             |     1 |     2 ||     3
  Use: Scroll            |       |     1 ||     1
 Stab: Sleeping          |     3 |     4 ||     7
       Distracted        |       |     1 ||     1
Dodge: Dodged            |   170 |   119 ||   289
